 Seeded DCSS version 0.29-a0-337-g68df138881 (webtiles) character file.

Game seed: 20220404 (custom seed)

472 a11behringer the Cleaver (level 6, -8/56 HPs)
             Began as a Minotaur Berserker on Apr 16, 2022.
             Was a Follower of Trog.
             Killed from afar by Dowan (12 damage)
             ... with a puff of flame
             ... on level 4 of the Dungeon.
             The game lasted 00:06:09 (3116 turns).

a11behringer the Cleaver (Minotaur Berserker)       Turns: 3116, Time: 00:06:09

Health: -8/56      AC: 10    Str: 24    XL:     6   Next: 83%
Magic:  5/5        EV: 12    Int:  4    God:    Trog [*.....]
Gold:   166        SH:  5    Dex:  9    Spells: 5/5 levels left

rFire   . . .      SeeInvis .   a - +0 hand axe
rCold   . . .      Faith    .   (no shield)
rNeg    . . .      Spirit   .   D - +1 chain mail
rPois   .          Reflect  +   (helmet restricted)
rElec   .          Harm     .   (no cloak)
rCorr   .          Rampage  .   (no gloves)
Will    .....                   (no boots)
Stlth   ..........              f - amulet of reflection
HPRegen 0.18/turn               C - +4 ring of evasion
MPRegen 0.09/turn               (no ring)

@: on berserk cooldown, slowed, very slow
A: horns 2, retaliatory headbutt
a: Renounce Religion, Berserk


You were on level 4 of the Dungeon.
You worshipped Trog.
Trog was aware of your devotion.
You visited 1 branch of the dungeon, and saw 4 of its levels.

You collected 166 gold pieces.

Inventory:

Hand Weapons
 a - a +0 hand axe (weapon)
Missiles
 n - 8 poisoned darts (quivered)
Armour
 b - a +0 animal skin
 B - a +0 ring mail
 D - a +1 chain mail (worn)
Jewellery
 f - an amulet of reflection (around neck)
 y - an amulet of faith
 C - a +4 ring of evasion (left hand)
Wands
 A - a wand of iceblast (3)
Scrolls
 d - 3 scrolls of identify
 k - a scroll of teleportation {unknown}
 m - a scroll of silence {unknown}
 o - a scroll of fog {unknown}
 q - a scroll of acquirement {unknown}
 r - 2 scrolls of holy word {unknown}
 s - a scroll of vulnerability {unknown}
 w - a scroll of enchant weapon {unknown}
 z - a scroll of immolation {unknown}
Potions
 e - 3 potions of might {unknown}
 g - 2 potions of brilliance {unknown}
 h - 2 potions of lignification {unknown}
 i - a potion of flight {unknown}
 j - 2 potions of curing
 l - a potion of attraction {unknown}
 p - a potion of ambrosia {unknown}
 t - 2 potions of mutation {unknown}
 u - a potion of berserk rage {unknown}
 v - a potion of degeneration {unknown}
 x - a potion of magic {unknown}


   Skills:
 + Level 5.1 Fighting
 * Level 8.0 Axes
 + Level 3.0 Armour
 + Level 3.0 Dodging
 - Level 1.0 Shields


You had 5 spell levels left.
You didn't know any spells.
Your spell library was empty.

Dungeon Overview and Level Annotations

Branches:
Dungeon (4/15)
 Temple: D:4-7

Altars:
Gozag
Vehumet

Shops:
D:1 *   D:3 :

Annotations:
D:4 Dowan, Duvessa


Innate Abilities, Weirdness & Mutations

You have a pair of horns on your head.
You reflexively headbutt those who attack you in melee.


Message History

Duvessa hits you with a +3 short sword. Grinder closely misses you.
You furiously retaliate!
You headbutt Grinder! Duvessa hits you with a +3 short sword.
You hit Grinder. You headbutt Grinder.
You kill Grinder!
Trog accepts your kill.
You barely miss Dowan. You hit Duvessa. You block Duvessa's attack.
Dowan gestures at you while chanting. The puff of flame hits you.
Duvessa hits you with a +3 short sword! Dowan hits you with a +0 dagger.
Your Fighting skill increases to level 5!
Your Axes skill gained 2 levels and is now at level 8!
Your Armour skill increases to level 3!
Your Dodging skill increases to level 3!
Duvessa misses you. You furiously retaliate!
You headbutt Duvessa, but do no damage. Dowan attacks as you move away!
Dowan hits you but does no damage. Duvessa hits you with a +3 short sword!
Dowan barely misses you.
As you read the scroll labelled EMOQYO VAIMI, it crumbles to dust.
It is a scroll of identify.
j - 2 potions of curing Your skin stops crawling.
You feel less strong-willed. Duvessa hits you with a +3 short sword!
Duvessa hits you with a +3 short sword. Dowan hits you with a +0 dagger.
You block Duvessa's attack.
As you read the scroll labelled INACO USHRUAHA, it crumbles to dust.
It is a scroll of enchant armour.
Your +0 chain mail glows green for a moment.
Duvessa hits you but does no damage. You block Dowan's attack.
Duvessa hits you with a +3 short sword!
* * * LOW HITPOINT WARNING * * *
Dowan closely misses you. You furiously retaliate!
You headbutt Dowan. Duvessa hits you with a +3 short sword.
* * * LOW HITPOINT WARNING * * *
Dowan casts a spell.
Dowan blinks!
Duvessa attacks as you move away! Duvessa hits you with a +3 short sword.
* * * LOW HITPOINT WARNING * * *
Dowan points at you and mumbles some strange words.
The puff of flame hits you!
You die...

##########..#.....##
#..####### #..# #..#
#.#### ##)#[.#####
#.........##
#..........#
##.@........#
##..e.(.......
##.............
#.....ยง........
##..........e..
#.............
##.......[?...
#............
#.......$...# ###


You could see Duvessa (fast) and Dowan.

Vanquished Creatures
  Grinder (D:4)
  A black bear (D:4)
  An orc priest (D:4)
  An orc wizard (D:4)
  Natasha (D:4)
  4 adders
  A dart slug (D:2)
  2 worms (D:3)
  4 orcs
  4 bats
  2 endoplasms (D:2)
  2 giant cockroaches
  8 goblins
  4 hobgoblins
  9 kobolds
  5 quokkas
  4 ball pythons
  2 frilled lizards
  7 rats
63 creatures vanquished.

Notes
Turn   | Place    | Note
-------+----------+-------------------------------------------
     0 | D:1      | a11behringer the Minotaur Berserker began the quest for the
                  | Orb.
     0 | D:1      | Reached XP level 1. HP: 19/19 MP: 0/0
    96 | D:1      | Reached skill level 4 in Axes
   109 | D:1      | Found a faded altar of an unknown god.
   199 | D:1      | Reached XP level 2. HP: 27/27 MP: 1/1
   293 | D:1      | Found Goapadgh's Assorted Antiques.
  1069 | D:2      | Reached XP level 3. HP: 32/33 MP: 2/2
  1770 | D:2      | Reached skill level 5 in Axes
  2009 | D:3      | Reached XP level 4. HP: 31/40 MP: 3/3
  2183 | D:3      | Reached ** piety under Trog
  2311 | D:3      | Found Omots's Book Boutique.
  2797 | D:4      | Found an opulent altar of Gozag.
  2802 | D:4      | Found a radiant altar of Vehumet.
  2862 | D:4      | Reached skill level 1 in Shields
  2862 | D:4      | Reached XP level 5. HP: 47/47 MP: 4/4
  3001 | D:4      | Reached skill level 6 in Axes
  3039 | D:4      | Noticed Natasha
  3050 | D:4      | Killed Natasha
  3075 | D:4      | Noticed a black bear
  3078 | D:4      | Noticed Grinder
  3081 | D:4      | Killed a black bear
  3082 | D:4      | Reached XP level 6. HP: 55/55 MP: 5/5
  3093 | D:4      | Paralysed by Grinder for 4 turns
  3102 | D:4      | Noticed Dowan
  3102 | D:4      | Noticed Duvessa
  3110 | D:4      | Killed Grinder
  3111 | D:4      | Reached skill level 5 in Fighting
  3111 | D:4      | Reached skill level 8 in Axes
  3116 | D:4      | Killed from afar by Dowan

Illustrated notes

Levels and vault maps discovered:
D:1:      elethiomel_arrival_quiet, layout_basic, ebering_ecumenical_altar_mist,
          serial_shops, nicolae_lakefront_shop, minmay_cut_off
D:2:      layout_basic
D:3:      layout_basic, serial_shops, shop
D:4:      layout_cave_pods, grunt_temple_overflow_open, uniq_grinder,
          uniq_natasha, uniq_duvessa

Skill      XL: |  1  2  3  4  5  6 |
---------------+-------------------+-----
Axes           | 4 5 6 8 |  8.0
Fighting       | 4 5 |  5.1
Shields        | 1 |  1.0
Armour         | 3 |  3.0
Dodging        | 3 |  3.0

Action                   |  1- 3 |  4- 6 || total
-------------------------+-------+-------++-------
Melee: Hand axe          |    93 |    71 ||   164
       Headbutt          |    11 |    16 ||    27
       Punch             |       |     2 ||     2
Invok: Trog's Hand       |       |     2 ||     2
       Berserk           |       |     1 ||     1
  Use: Scroll            |       |     2 ||     2
 Stab: Sleeping          |     3 |       ||     3
Armor: Animal skin       |    12 |     2 ||    14
       Ring mail         |       |     2 ||     2
       Chain mail        |       |     7 ||     7
Dodge: Dodged            |    52 |    43 ||    95
Block: Other             |    13 |    17 ||    30

Table legend: (Time is in decaauts)
 A = Elapsed time spent in this place.
 B = Non-inter-level travel time spent in this place.
 C = Inter-level travel time spent in this place.
 D = Time resting spent in this place.
 E = Time spent auto-exploring this place.
 F = Levels seen in this place.
 G = Mean time per level.
                   A        B        C        D        E       F      G
               +--------+--------+--------+--------+--------+-----+--------+
         Total |   3130 |   3047 |     83 |      0 |   2568 |   4 |  782.5 |
       Dungeon |   3130 |   3047 |     83 |      0 |   2568 |   4 |  782.5 |
               +--------+--------+--------+--------+--------+-----+--------+

Top non-repeatable levels by time:
     D:2: 1106 daAuts
     D:3: 860 daAuts
     D:1: 838 daAuts
     D:4: 325 daAuts
